 Dungeon Crawl Stone Soup version 0.29.1-14-g9c671dbff4 (webtiles) character file.

Game seed: 8274729356313688695

11 sking99 the Grave Robber (level 2, -1/20 HPs)
             Began as a Demonspawn Necromancer on Feb 12, 2023.
             Slain by a frilled lizard (2 damage)
             ... on level 1 of the Dungeon on Feb 19, 2023.
             The game lasted 00:02:00 (851 turns).

sking99 the Grave Robber (Demonspawn Necromancer)    Turns: 851, Time: 00:02:00

Health: -1/20      AC:  2    Str:  8    XL:     2   Next: 17%
Magic:  5/5        EV: 12    Int: 16    God:
Gold:   7          SH:  0    Dex: 13    Spells: 4/5 levels left

rFire   . . .      SeeInvis .   (no weapon)
rCold   . . .      Faith    .   (no shield)
rNeg    . . .      Spirit   .   a - +0 robe
rPois   .          Reflect  .   (helmet restricted)
rElec   .          Harm     .   (no cloak)
rCorr   .          Rampage  .   (no gloves)
Will    .....                   (no boots)
Stlth   ++........              (no amulet)
HPRegen 0.06/turn               (no ring)
MPRegen 0.09/turn               (no ring)

@: no status effects
A: antennae 1
a: no special abilities


You were on level 1 of the Dungeon.
You visited 1 branch of the dungeon, and saw 1 of its levels.

You collected 7 gold pieces.

Inventory:

Armour
 a - a +0 robe (worn)
Scrolls
 c - a scroll of teleportation {unknown}
 d - 2 scrolls of identify {unknown}
 e - a scroll of torment {unknown}
Potions
 b - a potion of magic
 f - a potion of flight {unknown}


   Skills:
 + Level 0.6 Fighting
 - Level 1.7 Dodging
 - Level 1.7 Stealth
 + Level 2.2 Spellcasting
 * Level 4.7 Necromancy


You had 4 spell levels left.
You knew the following spells:

 Your Spells              Type           Power      Damage    Failure   Level
a - Necrotise             Necr           64%        1d7       3%          1

Your spell library contained the following spells:

 Spells                   Type           Power      Damage    Failure   Level
 Vampiric Draining        Necr           16%        2d7       9%          3
 Freeze                   Ice            4%         1d3       21%         1
 Animate Dead             Necr           16%        N/A       28%         4
 Frozen Ramparts          Ice            2%         1d1       52%         3
 Hailstorm                Conj/Ice       1%         3d3       90%         4
 Agony                    Necr           16%        N/A       63%         5


Dungeon Overview and Level Annotations

Branches:
Dungeon (1/15)

Altars:


Innate Abilities, Weirdness & Mutations

You have a pair of small antennae on your head.


Message History

You start resting.
Your hobgoblin skeleton crumbles into dust!
Your rat skeleton crumbles into dust!
Magic restored.
Okay, then.
f - a white potion A frilled lizard and a hobgoblin come into view.
The hobgoblin shouts!
There are monsters nearby!
There are monsters nearby!
The frilled lizard hisses angrily.
The hobgoblin barely misses you. The frilled lizard barely misses you.
The hobgoblin barely misses you. The frilled lizard barely misses you.
The hobgoblin misses you. The frilled lizard bites you.
The hobgoblin barely misses you. The frilled lizard bites you.
The hobgoblin barely misses you. The frilled lizard barely misses you.
The hobgoblin barely misses you. The frilled lizard barely misses you.
The hobgoblin misses you. The frilled lizard barely misses you.
The hobgoblin hits you but does no damage.
The frilled lizard closely misses you. The hobgoblin barely misses you.
The frilled lizard barely misses you.
The hobgoblin hits you but does no damage.
The frilled lizard bites you. The hobgoblin hits you.
The frilled lizard barely misses you. The hobgoblin hits you.
The frilled lizard barely misses you. The hobgoblin hits you.
The frilled lizard bites you but does no damage.
The hobgoblin hits you. The frilled lizard barely misses you.
The hobgoblin hits you but does no damage.
The frilled lizard bites you but does no damage.
The hobgoblin hits you.
* * * LOW HITPOINT WARNING * * *
The frilled lizard barely misses you. The hobgoblin barely misses you.
The frilled lizard bites you but does no damage.
The hobgoblin hits you but does no damage.
The frilled lizard closely misses you. The hobgoblin hits you.
* * * LOW HITPOINT WARNING * * *
The frilled lizard bites you.
You die...

...# .# #... .. #.#
#..###.# #.#
#..#... #.###
#..#..# #.#..
#..#..# #.#.#
#lg#..#########.#.#
#.@#..#.........#..
#............#...##
#.#####.####.#.#.#
#. ..... #.#.#.# ##
####.#.#.#.#.# .#
#.#.#.# .# #.#.#.#
.. ....#.# ##
#.###.#


You could see a hobgoblin and a frilled lizard.

Vanquished Creatures
  2 ball pythons (D:1)
  2 endoplasms (D:1)
  3 hobgoblins (D:1)
  2 frilled lizards (D:1)
  A rat (D:1)
10 creatures vanquished.

Vanquished Creatures (collateral kills)
  A rat (D:1)
1 creature vanquished.

Grand Total: 11 creatures vanquished

Notes
Turn   | Place    | Note
-------+----------+-------------------------------------------
     0 | D:1      | sking99 the Demonspawn Necromancer began the quest for the
                  | Orb.
     0 | D:1      | Reached XP level 1. HP: 13/13 MP: 3/3
   567 | D:1      | Found a faded altar of an unknown god.
   641 | D:1      | Gained mutation: You have a pair of small antennae on your
                  | head. [demonic ancestry]
   641 | D:1      | Reached XP level 2. HP: 20/20 MP: 0/5
   850 | D:1      | HP: 1/20 [hobgoblin (5)]
   851 | D:1      | Slain by a frilled lizard

Illustrated notes

Levels and vault maps discovered:
D:1:      spicycebolla_arrival_clurvy, layout_basic,
          shapermc_ecumenical_altar_venn

Action                   || total
-------------------------++-------
Melee: Unarmed           ||     2
 Cast: Necrotise         ||    27
Armor: Robe              ||     9
Dodge: Dodged            ||    24
